 Dungeon Crawl Stone Soup version 0.26.1-11-gd32895ea62 (webtiles) character file.

Game seed: 2625344142693699119

249 dtburroughs the Chopper (level 5, 0/72 HPs)
             Began as a Minotaur Berserker on July 9, 2021.
             Was a Believer of Trog.
             Slain by a jelly (2 damage)
             ... on level 4 of the Dungeon.
             The game lasted 00:04:55 (4233 turns).

dtburroughs the Chopper (Minotaur Berserker)        Turns: 4233, Time: 00:04:56

Health: 0/72       AC: -9    Str: 22    XL:     5   Next: 87%
Magic:  4/4        EV: 13    Int:  5    God:    Trog [**....]
Gold:   304        SH:  0    Dex:  9    Spells: 4/4 levels left

rFire    . . .     SeeInvis .   a - +0 hand axe
rCold    . . .     Faith    .   (no shield)
rNeg     . . .     Spirit   .   b - +0 animal skin
rPois    .         Reflect  .   (helmet restricted)
rElec    .         Harm     .   (no cloak)
rCorr    .         Rampage  .   (no gloves)
Will     .....                  (no boots)
Stlth    ..........             (no amulet)
HPRegen  0.22/turn              (no ring)
MPRegen  0.09/turn              (no ring)

@: berserking, corroded, very quick
A: retaliatory headbutt, horns 2
a: Renounce Religion, Berserk, Trog's Hand


You were on level 4 of the Dungeon.
You worshipped Trog.
Trog was pleased with you.
You visited 1 branch of the dungeon, and saw 4 of its levels.

You collected 304 gold pieces.

Inventory:

Hand Weapons
 a - a +0 hand axe (weapon)
Armour
 b - a +0 animal skin (worn)
 d - a +0 ring mail
 j - a +1 cloak
Jewellery
 m - a +6 ring of intelligence {unknown}
 p - an uncursed amulet of guardian spirit {unknown}
Scrolls
 e - 4 scrolls of identify {unknown}
 f - 4 scrolls of fog {unknown}
 g - 4 scrolls of teleportation {unknown}
 h - 3 scrolls of remove curse {unknown}
 l - a scroll of fear {unknown}
 n - a scroll of noise {unknown}
Potions
 c - 2 potions of cancellation {unknown}
 i - 3 potions of magic {unknown}
 k - 2 potions of heal wounds {unknown}
 o - a potion of attraction {unknown}


   Skills:
 + Level 5.0 Fighting
 + Level 5.1 Axes
 + Level 4.2 Armour
 + Level 3.8 Dodging


You had 4 spell levels left.
You didn't know any spells.
Your spell library was empty.

Dungeon Overview and Level Annotations

Branches:
Dungeon (4/15)
 Temple: D:4-7

Altars:
Nemelex Xobeh

Annotations:
D:3 1 runed translucent door, bnorton916's ghost, weakling GrEE


Innate Abilities, Weirdness & Mutations

You reflexively headbutt those who attack you in melee.
You have a pair of horns on your head.


Message History

The jelly is lightly wounded.
The jelly misses you. You furiously retaliate!
You headbutt the jelly! You slash the jelly!
Your hands burn!
You headbutt the jelly.
The jelly is heavily wounded.
The jelly closely misses you.
You hit the jelly. The acid corrodes you!
Your hands burn!
* * * LOW HITPOINT WARNING * * *
You headbutt the jelly, but do no damage.
The jelly is severely wounded.
The jelly closely misses you.
You hit the jelly but do no damage. The acid corrodes you!
Your hands burn!
* * * LOW HITPOINT WARNING * * *
The jelly is severely wounded.
The jelly hits you.
* * * LOW HITPOINT WARNING * * *
You are splashed with acid!
* * * LOW HITPOINT WARNING * * *
A red film seems to cover your vision as you go berserk!
You feel yourself moving faster!
You feel mighty! The jelly hits you.
You die...

#..#.....# #..##....# ...
#...#....# ...####+##
#...#....# ..........#
#...#....# ....#.....#
#...#....####>...#.....####
#................#.........
#...#............#.....##..
#...#.....@J.##.######'##..
#...#........#.........#...
#...#####....#.........#...
#.......#...†##.##.##..##..
#.......#.....#.#####..##..
#.......#.....'........#...
#.......#.....#.....(..+...
##'#####+#.....#.##.##..##..
#............###.##.##+###..


You could see a jelly.

Vanquished Creatures
  A jelly (D:4)
  Crazy Yiuf (D:2)
  A worker ant (D:4)
  3 gnolls (D:3)
  4 adders
  2 oozes
  4 worms
  3 dart slugs
  A leopard gecko (D:1)
  6 orcs
  2 bats
  2 giant cockroaches
  5 goblins
  4 hobgoblins
  A jackal (D:2)
  5 kobolds
  3 frilled lizards
  6 rats
54 creatures vanquished.

Notes
Turn   | Place    | Note
-------+----------+-------------------------------------------
     0 | D:1      | dtburroughs the Minotaur Berserker began the quest for the
                  | Orb.
     0 | D:1      | Reached XP level 1. HP: 19/19 MP: 0/0
   267 | D:1      | Reached XP level 2. HP: 26/27 MP: 1/1
   943 | D:2      | Reached XP level 3. HP: 33/33 MP: 2/2
  1671 | D:2      | Reached ** piety under Trog
  1672 | D:2      | Reached XP level 4. HP: 26/40 MP: 3/3
  2101 | D:2      | Found a runed translucent door.
  2102 | D:2      | Noticed Crazy Yiuf
  2107 | D:2      | Killed Crazy Yiuf
  2795 | D:3      | HP: 1/61 [gnoll/+0 club (8)]
  2989 | D:3      | Reached XP level 5. HP: 43/47 MP: 4/4
  3132 | D:3      | Noticed bnorton916's ghost (weakling GrEE)
  3146 | D:3      | Found a runed translucent door.
  3168 | D:3      | Found a sparkling altar of Nemelex Xobeh.
  4032 | D:4      | Reached skill level 5 in Fighting
  4032 | D:4      | Reached skill level 5 in Axes
  4232 | D:4      | HP: 1/48 [acid (8)]
  4233 | D:4      | Slain by a jelly

Illustrated notes

Levels and vault maps discovered:
D:1:      eino_arrival_cavern_e, layout_loops_ring
D:2:      layout_basic, ebering_dispersal_statue_hall, minmay_pentomino_v4,
          uniq_crazy_yiuf_cottage, uniq_sigmund
D:3:      layout_basic, nemelex_xobeh_ov_fountains_minmay,
          hellmonk_ghost_happy_afterlife
D:4:      layout_gridville, overflow_temple_1_default, serial_shops, shop,
          kennysheep_opposing_triangles

Skill      XL: |  1  2  3  4  5 |
---------------+----------------+-----
Fighting       | 4 5 |  5.0
Axes           | 4 5 |  5.1
Armour         | 3 4 |  4.2
Dodging        | 3 |  3.8

Action                   |  1- 3 |  4- 6 || total
-------------------------+-------+-------++-------
Melee: Hand axe          |    67 |    69 ||   136
       Headbutt          |    10 |    13 ||    23
Invok: Trog's Hand       |       |     2 ||     2
       Berserk           |       |     2 ||     2
Armor: Animal skin       |    11 |     6 ||    17
Dodge: Dodged            |    44 |    39 ||    83
